 Dungeon Crawl Stone Soup version 0.22-a0-580-gd5db89c (webtiles) character file.

33 iamserjio the Chopper (level 3, -4/26 HPs)
             Began as a Halfling Berserker on July 3, 2018.
             Was a Follower of Trog.
             Slain by a gnoll
             ... wielding a +0 spear
              (7 damage)
             ... on level 2 of the Dungeon.
             The game lasted 00:01:27 (191 turns).

iamserjio the Chopper (Halfling Berserker)           Turns: 191, Time: 00:01:27

Health: -4/26      AC:  3    Str: 19    XL:     3   Next: 47%
Magic:  3/3        EV: 15    Int:  5    God:    Trog [*.....]
Gold:   8          SH:  0    Dex: 13    Spells: 2/2 levels left

rFire    . . .     SeeInvis .   a - +0 hand axe
rCold    . . .     Gourm    .   (shield restricted)
rNeg     . . .     Faith    .   b - +0 animal skin
rPois    .         Spirit   .   (no helmet)
rElec    .         Reflect  .   (no cloak)
rCorr    .         Harm     .   f - +0 pair of gloves
MR       .....                  (no boots)
Stlth    +.........             (no amulet)
HPRegen  0.08/turn              (no ring)
MPRegen  0.08/turn              (no ring)

@: berserk cooldown, slowed, very slow
A: small, mutation resistance 1
a: Berserk, Renounce Religion


You were on level 2 of the Dungeon.
You worshipped Trog.
Trog was aware of your devotion.
You were not hungry.

You visited 1 branch of the dungeon, and saw 2 of its levels.

You collected 8 gold pieces.

Inventory:

Hand Weapons
 a - a +0 hand axe (weapon)
 i - a +0 halberd
Armour
 b - a +0 animal skin (worn)
 f - a +0 pair of gloves (worn)
Scrolls
 d - a scroll of identify {unknown}
 e - a scroll of noise {unknown}
 g - a scroll of teleportation {unknown}
Comestibles
 c - a ration
 h - a chunk of flesh


   Skills:
 + Level 3.0 Fighting
 * Level 3.4 Axes
 + Level 2.7 Armour
 + Level 2.7 Dodging


You had 2 spell levels left.
You didn't know any spells.
Your spell library was empty.

Dungeon Overview and Level Annotations

Branches:
Dungeon (2/15)

Altars:


Innate Abilities, Weirdness & Mutations

You are small and have problems with some larger weapons.
You are somewhat resistant to further mutation.


Message History

You hit the gnoll.
The gnoll is heavily wounded.
You closely miss the kobold. The gnoll closely misses you. The kobold hits you.
The gnoll hits you with a spear!
* * * LOW HITPOINT WARNING * * *
The kobold misses you.
You closely miss the gnoll.
The gnoll is heavily wounded.
You completely miss the kobold. The gnoll barely misses you.
The kobold hits you but does no damage. The gnoll barely misses you.
You hit the gnoll but do no damage.
The gnoll is heavily wounded.
You hit the kobold but do no damage. The kobold barely misses you.
The gnoll hits you with a spear.
* * * LOW HITPOINT WARNING * * *
The kobold misses you.
You hit the gnoll.
The gnoll is almost dead.
You hit the kobold. The gnoll hits you with a spear!
You die...

### ..#
###.# #<(.#
##..# #..#
#..########
#.@K.......
###g#######
.K.. K....#
......#
g......#
.g......#
.........#


You could see a gnoll and 2 kobolds.

Vanquished Creatures
  2 gnolls (D:2)
  An ooze (D:1)
  A dart slug (D:1)
  2 hobgoblins (D:1)
  A ball python (D:1)
  2 bats (D:1)
  A kobold (D:1)
10 creatures vanquished.

Notes
Turn   | Place    | Note
-------+----------+-------------------------------------------
     0 | D:1      | iamserjio the Halfling Berserker began the quest for the Orb.
     0 | D:1      | Reached XP level 1. HP: 15/15 MP: 1/1
    99 | D:1      | Reached XP level 2. HP: 16/20 MP: 2/2
   176 | D:2      | Reached XP level 3. HP: 15/25 MP: 3/3
   191 | D:2      | Slain by a gnoll

Vault maps used:
D:1:      dpeg_arrival_solitude, corexii_item_surrounded_by_moat,
          minmay_misc_feat_ornament, minivault_23
D:2:      minmay_roachtagon, uniq_jessica

Skill      XL: |  1  2  3 |
---------------+----------+-----
Fighting       | 3 |  3.0
Axes           | |  3.4
Armour         | |  2.7
Dodging        | |  2.7

Action                   || total
-------------------------++-------
Melee: Hand axe          ||    36
Invok: Berserk           ||     1
Armor: Animal skin       ||    10
Dodge: Dodged            ||    50

Table legend:
 A = Spawn XP
 B = Non-spawn XP
 C = Spawn XP percentage of total XP
 D = Spawn monster count
 E = Non-spawn monster count
 F = Spawn count percentage of total count
 G = Total turns spent on level
                    A         B        C        D         E        F      G
               +---------+---------+-------+---------+---------+-------+---------
         Total |       0 |      48 |   0.0 |       0 |      10 |   0.0 |   191
               +---------+---------+-------+---------+---------+-------+---------
           D:1 |       0 |      20 |   0.0 |       0 |       8 |   0.0 |   169
           D:2 |       0 |      28 |   0.0 |       0 |       2 |   0.0 |    22
               +---------+---------+-------+---------+---------+-------+---------
